Workbook

Sheet Components of Increase
A1: TOWN OF STOWE ELECTRIC DEPARTMENT | F1: SED-Seavey-07
A2: COST OF SERVICE STUDY
A3: Components of Increase
A5: TEST YEAR: March 1, 2025 - February 28, 2026
A6: RATE YEAR: March 1, 2026 - February 28, 2027
A7: FILED:
D9: Revenue | E9: Percent | F9: Rate
D10: Requirement | E10: of Cost | F10: Increase
D11: Increase | E11: Increase | F11: Req'd
A13: EXPENSE ITEMS
B14: Change in Net Power Costs | D14: =+'Exh 2 - COS'!E45 -> 1819599 | E14: =+D14/$D$29 -> 0.80849414 | F14: =$D$33*E14 -> 0.11809113
B16: Change in O&M Costs | D16: =+'Exh 2 - COS'!E80+'Exh 2 - COS'!E92+'Exh 2 - COS'!E132 -> 485504.41 | E16: =+D16/$D$29 -> 0.21572197 | F16: =$D$33*E16 -> 0.031509011
B18: Change in Depreciation/Amortization | D18: =+'Exh 2 - COS'!E136 -> 124404.46 | E18: =+D18/$D$29 -> 0.055276068 | F18: =$D$33*E18 -> 0.0080737918
B20: Change in Taxes | D20: =+'Exh 2 - COS'!E141 -> 0 | E20: =+D20/$D$29 -> 0 | F20: =$D$33*E20 -> 0
B22: Change in Interest Expense | D22: =-'Exh 2 - COS'!E175 -> 207562.64 | E22: =+D22/$D$29 -> 0.092225363 | F22: =$D$33*E22 -> 0.013470719
B24: Change in Net Income | D24: =+'Exh 2 - COS'!F194-SUM('Components of Increase'!D14:D22,'Components of Increase'!D27) -> -70047.02 | E24: =+D24/$D$29 -> -0.031123674 | F24: =$D$33*E24 -> -0.0045460191
A26: REVENUE ITEMS
B27: Change in Other Income & Revenue Credits | D27: =-'Exh 2 - COS'!E154-'Exh 2 - COS'!E179 -> -316420.92 | E27: =+D27/$D$29 -> -0.14059387 | F27: =$D$33*E27 -> -0.020535571
E28: -
A29: TOTAL ADDITIONAL REVENUE REQUIREMENT | D29: =SUM(D14:D27) -> 2250602.6 | E29: =SUM(E14:E28) -> 1 | F29: =SUM(F14:F28) -> 0.14606306
A31: BASE REVENUE | D31: =+'Exh 2 - COS'!F192 -> 15408431
A33: PERCENT INCREASE | D33: =D29/D31 -> 0.14606306

Sheet Exh 3 - Summary of Adjustments
A1: TOWN OF STOWE ELECTRIC DEPARTMENT | J1: SED-Seavey-03
A2: COST OF SERVICE STUDY
A3: Summary of Adjustments
A5: TEST YEAR: March 1, 2025 - February 28, 2026
A6: RATE YEAR: March 1, 2026 - February 28, 2027
A7: FILED:
A9: Line No. | B9: Adjustments | C9: Power Supply/Gen | D9: Transm. & Dist. | E9: Cust/Sales | F9: Admin & General | G9: Deprc/Amort | H9: Interest | I9: Revenue Adjustment | J9: Total of Adjustments
A11: 1 | B11: Purchased Power Adj | C11: =+'Exh 2 - COS'!E45 -> 1819599 | J11: =SUM(C11:I11) -> 1819599
A12: 2 | B12: Labor Expense Adj | D12: =+'Exh 2 - COS'!E80 -> 235908.6 | E12: =+'Exh 2 - COS'!E92 -> 95551.69 | F12: =SUM('Exh 2 - COS'!E102:E106) -> 66651.49 | J12: =SUM(C12:I12) -> 398111.78
A13: 3 | B13: Professional Fees | F13: =+'Exh 2 - COS'!E120+'Exh 2 - COS'!E123+'Exh 2 - COS'!E125 -> 87392.63 | J13: =SUM(C13:I13) -> 87392.63
A14: 4 | B14: VELCO Dividends | I14: =-'Exh 2 - COS'!E154 -> -256654.92 | J14: =SUM(C14:I14) -> -256654.92
A15: 5 | B15: Depreciation Expense Adj | G15: =+'Exh 2 - COS'!E136 -> 124404.46 | J15: =SUM(C15:I15) -> 124404.46
A16: 6 | B16: Loss on Sale of Asset | I16: =-'Exh 2 - COS'!E179 -> -59766 | J16: =SUM(C16:I16) -> -59766
A17: 7 | B17: Interest Expense Adj. | H17: =-+'Exh 2 - COS'!E175 -> 207562.64 | J17: =SUM(C17:I17) -> 207562.64
A18: 8 | B18: TIER | I18: =+'Components of Increase'!D24 -> -70047.02 | J18: =SUM(C18:I18) -> -70047.02
B19: Totals | C19: =SUM(C11:C18) -> 1819599 | D19: =SUM(D11:D18) -> 235908.6 | E19: =SUM(E11:E18) -> 95551.69 | F19: =SUM(F11:F18) -> 154044.12 | G19: =SUM(G11:G18) -> 124404.46 | H19: =SUM(H11:H18) -> 207562.64 | I19: =SUM(I11:I18) -> -386467.94 | J19: =SUM(J11:J18) -> 2250602.6

Sheet Exh 2 - COS
A1: 1 | B1: TOWN OF STOWE ELECTRIC DEPARTMENT | G1: SED-Seavey-02
A2: 2 | B2: COST OF SERVICE STUDY
A3: 3 | B3: TEST YEAR: March 1, 2025 - February 28, 2026
A4: 4 | B4: RATE YEAR: March 1, 2026 - February 28, 2027
A5: 5 | B5: FILED:
A6: 6
A7: 7
A8: 8 | B8: ACCOUNT | C8: DESCRIPTION | D8: TEST YEAR | E8: CHANGE | F8: RATE YEAR | G8: Notes
A9: 9 | B9: OPERATING REVENUES
A10: 10
A11: 11 | B11: ELECTRIC SALES TO CUSTOMERS
A12: 12 | B12: 440.1 | C12: RESIDENTIAL - ENERGY | D12: 6752289 | E12: 0 | F12: =+D12+E12 -> 6752289
A13: 13 | B13: 440.11 | C13: NET METERING - BEHIND THE METER | D13: 348477 | E13: 0 | F13: =+D13+E13 -> 348477
A14: 14 | B14: 442.1 | C14: COML - ENERGY | D14: 5832133 | E14: 0 | F14: =+D14+E14 -> 5832133
A15: 15 | B15: 442.11 | C15: COML - DEMAND | D15: 2130163 | E15: 0 | F15: =+D15+E15 -> 2130163
A16: 16 | B16: 442.15 | C16: COML - LARGE ACCOUNTS | D16: =(10996.92*12)+(13988.69+6768.72+11913.83+12630.52+15426.49+16426.31+15240.68+6994.34+6768.72+13988.69+13988.69+12634.94) -> 278733.66 | E16: 0 | F16: =+D16+E16 -> 278733.66
A17: 17 | B17: 444.1 | C17: STREET LIGHTS | D17: 10637 | E17: 0 | F17: =+D17+E17 -> 10637
A18: 18 | B18: 444.2 | C18: CHARGING STATION REVENUE | D18: 35495 | E18: 0 | F18: =+D18+E18 -> 35495
A19: 19 | B19: 451.1 | C19: MISC CUSTOMER FEES | D19: 8268 | E19: 0 | F19: =+D19+E19 -> 8268
A20: 20 | B20: 451.15 | C20: CUSTOMER FINANCE CHARGES | D20: 12235 | E20: 0 | F20: =+D20+E20 -> 12235
A21: 21 | B21: SUBTOTAL ELECTRIC SALES TO CUSTMRS | D21: =SUM(D12:D20) -> 15408431 | E21: =SUM(E12:E20) -> 0 | F21: =SUM(F12:F20) -> 15408431
A22: 22
A23: 23 | B23: SALES OF LABOR & SUPPLIES
A24: 24 | B24: 415.1 | C24: CONTRACT WORK FEES | D24: 771960 | E24: 0 | F24: =+D24+E24 -> 771960
A25: 25 | B25: 415.11 | C25: CONTRACT TREE TRIMMING FEES | D25: 23016 | E25: 0 | F25: =+D25+E25 -> 23016
A26: 26 | B26: SUBTOTAL SALES OF LABOR & SUPPLIES | D26: =+D24+D25 -> 794976 | E26: =+E24+E25 -> 0 | F26: =+F24+F25 -> 794976
A27: 27
A28: 28 | B28: RENTAL INCOME
A29: 29 | B29: 418.15 | C29: RENTAL INCOME - TOWN GARAGE | D29: 29174 | E29: 0 | F29: =+D29+E29 -> 29174
A30: 30 | B30: 454.1 | C30: RENTAL INCOME - POLE ATTACHMNTS | D30: 23704 | E30: 0 | F30: =+D30+E30 -> 23704
A31: 31 | B31: 454.11 | C31: RENTAL INCOME - FIBER LEASING | D31: 4982 | E31: 0 | F31: =+D31+E31 -> 4982
A32: 32 | B32: SUBTOTAL RENTAL INCOME | D32: =SUM(D29:D31) -> 57860 | E32: =SUM(E29:E31) -> 0 | F32: =+D32+E32 -> 57860
A33: 33
A34: 34 | B34: TOTAL OPERATING REVENUES | D34: =+D21+D26+D32 -> 16261267 | E34: =+E21+E26+E32 -> 0 | F34: =+F21+F26+F32 -> 16261267
A35: 35
A36: 36 | B36: OPERATING EXPENSES
A37: 37
A38: 38 | B38: PURCHASED POWER
A39: 39 | B39: 555.1 | C39: PURCHASED POWER - ENERGY | D39: 6720405 | E39: =+F39-D39 -> -1441459 | F39: =7049409-1770463 -> 5278946 | G39: Per ENE (SED-MC-2.pdf)
A40: 40 | B40: 555.2 | C40: PURCHASED POWER - CAPACITY&FIXED | D40: =1147579-63840 -> 1083739 | E40: =+F40-D40 -> 1455655 | F40: =2369818-F42-F43-F44 -> 2539394 | G40: Per ENE (SED-MC-2.pdf)
A41: 41 | B41: 555.3 | C41: PURCHASED POWER - TRANSMISSION | D41: =3379193-(132506+305550) -> 2941137 | E41: =+F41-D41 -> 1492507 | F41: 4433644 | G41: Per ENE (SED-MC-2.pdf)
A42: 42 | B42: 555.4 | C42: RECS SOLD | D42: -602566 | E42: =+F42-D42 -> 68300 | F42: -534266 | G42: Per ENE (SED-MC-2.pdf)
A43: 43 | B43: 555.5 | C43: PURCHASED POWER - RECS COMPLIANC | D43: =57281-51122 -> 6159 | E43: =+F43-D43 -> 253757 | F43: 259916 | G43: Per ENE (SED-MC-2.pdf)
A44: 44 | B44: 575.2 | C44: CONSULTING FEES - POWER MKTS | D44: 113935 | E44: =+F44-D44 -> -9161 | F44: 104774 | G44: Per ENE (SED-MC-2.pdf)
A45: 45 | B45: SUBTOTAL PURCHASED POWER | D45: =SUM(D39:D44) -> 10262809 | E45: =+F45-D45 -> 1819599 | F45: =SUM(F39:F44) -> 12082408
A46: 46
A47: 47 | B47: DISTRIBUTION & TRANSMISSION
A48: 48 | B48: 416.1 | C48: BILLABLE PROJECT - WAGES | D48: 72649 | E48: 0 | F48: =+D48+E48 -> 72649
A49: 49 | B49: 416.2 | C49: BILLABLE PROJ - MAT'LS & CONTCRS | D49: 81763 | E49: 0 | F49: =+D49+E49 -> 81763
A50: 50 | B50: 550.01 | C50: RENT - NVSF | D50: 23775 | E50: 0 | F50: =+D50+E50 -> 23775
A51: 51 | B51: 550.2 | C51: O&M EXPENSE - SOLAR | D51: 14749 | E51: 0 | F51: =+D51+E51 -> 14749
A52: 52 | B52: 581.1 | C52: WAGES - OPERATIONS | D52: 184582 | E52: 12366.92 | F52: =+D52+E52 -> 196948.92 | G52: Wage increase per IBEW
A53: 53 | B53: 581.11 | C53: WAGES - LINE CREW | D53: 520297 | E53: 137321.62 | F53: =+D53+E53 -> 657618.62 | G53: Wage increase per IBEW
A54: 54 | B54: 581.23 | C54: WAGES - TREE CREW | D54: 209493 | E54: 24935.24 | F54: =+D54+E54 -> 234428.24 | G54: Wage increase per IBEW + Full Staff Adjustment Exhibit
A55: 55 | B55: 581.24 | C55: WAGES - LINE CREW OT | D55: 42547 | E55: 1701.6 | F55: =+D55+E55 -> 44248.6 | G55: Wage increase per IBEW + Full Staff Adjustment Exhibit
A56: 56 | B56: 581.25 | C56: WAGES - TREE CREW OT | D56: 636 | E56: 25.28 | F56: =+D56+E56 -> 661.28 | G56: Wage increase per IBEW
A57: 57 | B57: 581.4 | C57: MUTUAL AID SED P/R | D57: 14978 | E57: 0 | F57: =+D57+E57 -> 14978
A58: 58 | B58: 581.41 | C58: MUTUAL AID BILLINGS & NON SED | D58: -22442 | E58: 0 | F58: =+D58+E58 -> -22442
A59: 59 | B59: 581.5 | C59: SUPPLIES - DIST. LINES | D59: 27535 | E59: 0 | F59: =+D59+E59 -> 27535
A60: 60 | B60: 581.54 | C60: PCB TESTING & DISPOSAL | D60: 387 | E60: 0 | F60: =+D60+E60 -> 387
A61: 61 | B61: 581.57 | C61: CONTRACT SERVICES | D61: 91405 | E61: 0 | F61: =+D61+E61 -> 91405
A62: 62 | B62: 581.6 | C62: SMALL TOOLS & SHOP SUPPLIES | D62: 45326 | E62: 0 | F62: =+D62+E62 -> 45326
A63: 63 | B63: 581.61 | C63: CLOTHING & UNIFORMS | D63: 15981 | E63: 0 | F63: =+D63+E63 -> 15981
A64: 64 | B64: 581.62 | C64: TRAINING & CONFERENCES | D64: 13288 | E64: 0 | F64: =+D64+E64 -> 13288
A65: 65 | B65: 581.63 | C65: OPERATIONS FORMS | D65: 864 | E65: 0 | F65: =+D65+E65 -> 864
A66: 66 | B66: 581.7 | C66: MEAL REIMB. - LINE STAFF | D66: 1883 | E66: 0 | F66: =+D66+E66 -> 1883
A67: 67 | B67: 581.72 | C67: LINE CREW - ER P/R TAXES | D67: 67841 | E67: 8386.64 | F67: =+D67+E67 -> 76227.64 | G67: Wage increase per IBEW + Full Staff Adjustment Exhibit
A68: 68 | B68: 581.73 | C68: LINE CREW - FRINGE BENEFITS | D68: 288019 | E68: 28407.91 | F68: =+D68+E68 -> 316426.91 | G68: Wage increase per IBEW
A69: 69 | B69: 581.74 | C69: LINE CREW - PENSION PLAN CSTS | D69: 103597 | E69: 6231.09 | F69: =+D69+E69 -> 109828.09 | G69: Wage increase per IBEW
A70: 70 | B70: 581.75 | C70: TREE CREW - ER P/R TAXES | D70: 18854 | E70: 193.31 | F70: =+D70+E70 -> 19047.31 | G70: Wage increase per IBEW
A71: 71 | B71: 581.76 | C71: TREE CREW - FRINGE BENEFITS | D71: 122106 | E71: 9768.05 | F71: =+D71+E71 -> 131874.05 | G71: Wage increase per IBEW
A72: 72 | B72: 581.77 | C72: TREE CREW - PENSION PLAN CSTS | D72: 18990 | E72: 6570.94 | F72: =+D72+E72 -> 25560.94 | G72: Wage increase per IBEW
A73: 73 | B73: 581.8 | C73: VEHICLE MAINTENANCE | D73: 19913 | E73: 0 | F73: =+D73+E73 -> 19913
A74: 74 | B74: 581.81 | C74: VEHICLE FUEL | D74: 39102 | E74: 0 | F74: =+D74+E74 -> 39102
A75: 75 | B75: 581.83 | C75: PAGER/RADIO/PHONE COSTS | D75: 17706 | E75: 0 | F75: =+D75+E75 -> 17706
A76: 76 | B76: 581.84 | C76: COMMUN. EQUIP. MAINTENANCE | D76: 1000 | E76: 0 | F76: =+D76+E76 -> 1000
A77: 77 | B77: 581.85 | C77: MISC. EQUIP REPAIRS | D77: 4186 | E77: 0 | F77: =+D77+E77 -> 4186
A78: 78 | B78: 581.87 | C78: BUILDING MAINTENANCE | D78: 20526 | E78: 0 | F78: =+D78+E78 -> 20526
A79: 79 | B79: 581.88 | C79: UTILITIES - PROPANE | D79: 9936 | E79: 0 | F79: =+D79+E79 -> 9936
A80: 80 | B80: SUBTOTAL DISTRIBUTION & TRANSMISSION | D80: =SUM(D48:D79) -> 2071472 | E80: =SUM(E48:E79) -> 235908.6 | F80: =SUM(F48:F79) -> 2307380.6
A81: 81
A82: 82 | B82: CUSTOMER ACCOUNTS
A83: 83 | B83: 431.1 | C83: DEPOSIT INTEREST EXPENSE | D83: 0 | E83: 0 | F83: =+D83+E83 -> 0
A84: 84 | B84: 431.15 | C84: CC PROCESSING FEES | D84: 41116 | E84: 0 | F84: =+D84+E84 -> 41116
A85: 85 | B85: 903.1 | C85: WAGES - BILLING | D85: 262851 | E85: 74459.43 | F85: =+D85+E85 -> 337310.43 | G85: Wage increase per IBEW + Full Staff Adjustment Exhibit
A86: 86 | B86: 903.13 | C86: WAGES - BILLING OT | D86: 366 | E86: 14.21 | F86: =+D86+E86 -> 380.21 | G86: Wage increase per IBEW
A87: 87 | B87: 903.2 | C87: BILLING - ER P/R TAXES | D87: 20178 | E87: 5995.69 | F87: =+D87+E87 -> 26173.69 | G87: Wage increase per IBEW
A88: 88 | B88: 903.21 | C88: BILLING - FRINGE BENEFITS | D88: 109263 | E88: 8828.91 | F88: =+D88+E88 -> 118091.91 | G88: Wage increase per IBEW
A89: 89 | B89: 903.22 | C89: BILLING - PENSION PLAN CSTS | D89: 30912 | E89: 6253.45 | F89: =+D89+E89 -> 37165.45 | G89: Wage increase per IBEW
A90: 90 | B90: 903.3 | C90: POSTAGE - STATEMENTS | D90: 17789 | E90: 0 | F90: =+D90+E90 -> 17789
A91: 91 | B91: 903.31 | C91: STATEMENT PROCESSING FEES | D91: 11509 | E91: 0 | F91: =+D91+E91 -> 11509
A92: 92 | B92: SUBTOTAL CUSTOMER ACCOUNTS | D92: =SUM(D83:D91) -> 493984 | E92: =SUM(E83:E91) -> 95551.69 | F92: =SUM(F83:F91) -> 589535.69
A93: 93
A94: 94 | B94: CREDITS TO INCREASE OPERATING COSTS
A95: 95 | B95: 440.5 | C95: REBATES - EFF VT & CASH CREDITS | D95: -127707 | E95: 0 | F95: =+D95+E95 -> -127707
A96: 96 | B96: 440.55 | C96: REBATES - ON-BILL CREDITS | D96: -560 | E96: 0 | F96: =+D96+E96 -> -560
A97: 97 | B97: 442.16 | C97: NET METERING - DIRECT CONNECT | D97: -240314 | E97: 0 | F97: =+D97+E97 -> -240314
A98: 98 | B98: SUBTOTAL CREDITS TO INCREASE OPERATING COSTS | D98: =SUM(D95:D97) -> -368581 | E98: 0 | F98: =+D98+E98 -> -368581
A99: 99
A100: 100 | B100: ADMINISTRATIVE & GENERAL
...
